 Dungeon Crawl Stone Soup version 0.21.0-3-g78d12a8 (webtiles) character file.

153 Plasmagod the Chiller (level 5, -14/39 HPs)
             Began as a Draconian Ice Elementalist on Jan 9, 2018.
             Demolished by an ogre
             ... wielding a +0 giant spiked club
              (16 damage)
             ... on level 4 of the Dungeon.
             The game lasted 00:10:36 (1966 turns).

Plasmagod the Chiller (Draconian Ice Elementalist)  Turns: 1966, Time: 00:10:37

Health: -14/39     AC: 10    Str: 10    XL:     5   Next: 12%
Magic:  8/8        EV: 12    Int: 17    God:
Gold:   63         SH:  0    Dex: 11    Spells: 3/9 levels left

rFire    . . .     SeeInvis .   d - +0 hand axe
rCold    . . .     Gourm    .   (no shield)
rNeg     . . .     Faith    .   (armour unavailable)
rPois    .         Spirit   .   (helmet restricted)
rElec    .         Reflect  .   (no cloak)
rCorr    .         Harm     .   (no gloves)
MR       .....                  (no boots)
Stlth    ++........             (no amulet)
HPRegen  0.13/turn              q - ring of wizardry
MPRegen  0.11/turn              s - ring of wizardry

@: icy armour, slow
A: unfitting armour, cold-blooded, AC +5
a: no special abilities


You were on level 4 of the Dungeon.
You were not hungry.

You visited 1 branch of the dungeon, and saw 4 of its levels.

You collected 63 gold pieces.

Inventory:

Hand Weapons
 d - a +0 hand axe (weapon)
Jewellery
 l - an uncursed ring of poison resistance
 q - a ring of wizardry (left hand)
 s - a ring of wizardry (right hand)
 t - an uncursed amulet of harm {unknown}
Scrolls
 c - 3 scrolls of identify
 g - 3 scrolls of remove curse
 n - 2 scrolls of enchant armour
 o - 2 scrolls of teleportation {unknown}
 r - a scroll of amnesia {unknown}
 u - a scroll of noise {unknown}
Potions
 e - 3 potions of lignification {unknown}
 f - a potion of degeneration {unknown}
 i - a potion of haste
 j - a potion of resistance {unknown}
 k - 3 potions of heal wounds {unknown}
 m - 3 potions of might {unknown}
 p - 2 potions of curing {unknown}
Books
 a - a book of Frost

   Spells                             Type                      Level
   a - Freeze                         Ice                          1
   b - Throw Frost                    Conjuration/Ice              2
   c - Ozocubu's Armour               Charms/Ice                   3
   d - Throw Icicle                   Conjuration/Ice              4
   e - Summon Ice Beast               Ice/Summoning                4
Comestibles
 b - 4 rations
 h - 3 chunks of flesh


   Skills:
 + Level 0.7 Fighting
 + Level 2.0 Axes
 + Level 2.4 Dodging
 + Level 2.4 Stealth
 + Level 2.6 Spellcasting
 + Level 1.0 Conjurations
 + Level 0.9 Charms
 + Level 3.8 Ice Magic


You had 3 spell levels left.
You knew the following spells:

 Your Spells              Type           Power        Failure   Level  Hunger
a - Freeze                Ice            ###.         1%          1    #......
b - Throw Frost           Conj/Ice       ##....       2%          2    ##.....
c - Ozocubu's Armour      Chrm/Ice       ##......     5%          3    ###....


Dungeon Overview and Level Annotations

Branches:
Dungeon (4/15)
 Temple: D:4-7

Altars:
Dithmenos
Kikubaaqudgha
Makhleb
Ru


Innate Abilities, Weirdness & Mutations

Your plain brown scales are hard. (AC +5)
You cannot fit into any form of body armour.
You are cold-blooded and may be slowed by cold attacks.


Message History

The adder bites you but does no damage.
You closely miss the adder.
The adder is heavily wounded.
The adder bites you but does no damage.
You miss the adder.
The adder is heavily wounded.
The adder bites you but does no damage. The adder closely misses you.
You slash the adder!
You kill the adder!
Your Axes skill increases to level 2!
You feel sick.
You barely miss the ogre.
The ogre hits you with a giant spiked club!!
Ouch! That really hurt!
* * * LOW HITPOINT WARNING * * *
You feel sick.
You feel sick.
You are no longer poisoned.
The ogre hits you with a giant spiked club!
You die...

#..######.##
##..## #..#
##..###..#
##..##..#
##..#..#
##.#..#
#....#
##...# ##@##
#O.# ##.#
#.## ##.#
#.#####!..
#.........
##.###.....
#.## ...


You could see an ogre.

Vanquished Creatures
  A hound (D:4)
  4 adders
  2 oozes
  5 worms
  2 dart slugs (D:1)
  3 leopard geckos
  3 orcs (D:3)
  A ball python (D:3)
  3 giant cockroaches
  3 goblins
  6 hobgoblins
  5 jackals
  2 bats
  A frilled lizard (D:2)
  7 kobolds
  6 rats
54 creatures vanquished.

Notes
Turn   | Place    | Note
-------+----------+-------------------------------------------
     0 | D:1      | Plasmagod the Draconian Ice Elementalist began the quest for the Orb.
     0 | D:1      | Reached XP level 1. HP: 14/14 MP: 3/3
   128 | D:1      | Reached XP level 2. HP: 14/20 MP: 1/5
   391 | D:1      | Reached XP level 3. HP: 13/26 MP: 4/6
   677 | D:2      | Learned a level 2 spell: Throw Frost
   681 | D:2      | Learned a level 3 spell: Ozocubu's Armour
   800 | D:2      | Reached skill level 1 in Axes
   927 | D:2      | Reached XP level 4. HP: 26/33 MP: 5/7
  1696 | D:3      | Found a shadowy altar of Dithmenos.
  1698 | D:3      | Found an ancient bone altar of Kikubaaqudgha.
  1700 | D:3      | Found a burning altar of Makhleb.
  1704 | D:3      | Found a sacrificial altar of Ru.
  1900 | D:4      | Reached XP level 5. HP: 25/39 MP: 5/8
  1945 | D:4      | Noticed an ogre
  1966 | D:4      | Demolished by an ogre

Skill      XL: |  1  2  3  4  5 |
---------------+----------------+-----
Dodging        | 2 |  2.4
Stealth        | 2 |  2.4
Axes           | 1 2 |  2.0
Fighting       | |  0.7
Spellcasting   | |  2.6
Conjurations   | |  1.0
Charms         | |  0.9
Ice Magic      | |  3.8

Action                   |  1- 3 |  4- 6 || total
-------------------------+-------+-------++-------
Melee: Hand axe          |    58 |    98 ||   156
       Unarmed           |     4 |       ||     4
       Tailslap          |     6 |    11 ||    17
 Cast: Freeze            |    25 |     1 ||    26
       Throw Frost       |     4 |       ||     4
       Ozocubu's Armour  |     2 |    11 ||    13
  Use: Scroll            |     4 |       ||     4
 Stab: Sleeping          |     4 |       ||     4
  Eat: Chunk             |     1 |     5 ||     6
Armor: Skin              |    15 |    42 ||    57
Dodge: Dodged            |    53 |    79 ||   132
